 Dungeon Crawl Stone Soup version 0.21-a0-531-gacddea6 (webtiles) character file.

100 kae the Ruffian (level 4, -10/45 HPs)
             Began as a Troll Monk on Dec 13, 2017.
             Mangled by an ogre
             ... wielding a +0 giant club
              (19 damage)
             ... on level 3 of the Dungeon.
             The game lasted 00:01:43 (1821 turns).

kae the Ruffian (Troll Monk)                        Turns: 1821, Time: 00:01:44

Health: -10/45     AC:  7    Str: 19    XL:     4   Next: 46%
Magic:  3/3        EV: 11    Int:  6    God:
Gold:   203        SH:  0    Dex: 13    Spells: 3/3 levels left

rFire    . . .     SeeInvis +     - Unarmed
rCold    . . .     Gourm    +   (no shield)
rNeg     . . .     Faith    .   c - +1 robe {MR+}
rPois    .         Spirit   .   (helmet restricted)
rElec    .         Reflect  .   q - +0 cloak
rCorr    .         Harm     .   (gloves unavailable)
MR       +....                  (boots unavailable)
Stlth    ++........             (no amulet)
HPRegen  0.55/turn              k - ring of see invisible
MPRegen  0.08/turn              (no ring)

@: no status effects
A: large, unfitting armour, claws 3, fast metabolism 3, gourmand, regeneration
1, shaggy fur 1, tough skin 2
a: no special abilities


You were on level 3 of the Dungeon.
You were completely stuffed.

You visited 1 branch of the dungeon, and saw 4 of its levels.

You collected 203 gold pieces.

Inventory:

Armour
 c - a +1 robe of magic resistance (worn)
 q - a +0 cloak (worn)
Jewellery
 a - a +3 ring of intelligence {unknown}
 k - a ring of see invisible (left claw)
Scrolls
 d - 5 scrolls of remove curse
 e - 2 scrolls of identify
 j - a scroll of amnesia
 n - 2 scrolls of teleportation
Potions
 f - a potion of cancellation {unknown}
 h - a potion of flight {unknown}
 i - 3 potions of might
 m - a potion of resistance {unknown}
 o - 2 potions of haste {unknown}
 r - a potion of heal wounds {unknown}
 s - 2 potions of curing {unknown}
 t - 2 potions of brilliance {unknown}
 u - a potion of magic {unknown}
Comestibles
 b - 6 bread rations
 g - a meat ration
 l - 3 royal jellies


   Skills:
 + Level 3.0 Fighting
 + Level 3.0 Dodging
 - Level 1.0 Stealth
 * Level 4.2 Unarmed Combat


You had 3 spell levels left.
You didn't know any spells.

Dungeon Overview and Level Annotations

Branches:
Dungeon (4/15)
 Temple: D:4-7

Altars:
Fedhas
Makhleb
Uskayaw


Innate Abilities, Weirdness & Mutations

You are too large for most types of armour.
You have claws for hands.
Your metabolism is lightning-fast.
You like to eat raw meat.
Your natural rate of healing is unusually fast.
You are covered in fur. (AC +1)
You have very tough skin. (AC +2)


Message History

You climb upwards.
There is a stone staircase leading down here.
Unknown command.
Unknown command.
You barely miss the ogre. The ogre hits you with a giant club!
You are too injured to fight recklessly!
You are too injured to fight recklessly!
You are too injured to fight recklessly!
You are too injured to fight recklessly!
You are too injured to fight recklessly!
You scratch the ogre.
The ogre is moderately wounded.
The ogre hits you with a giant club!
* * * LOW HITPOINT WARNING * * *
You claw the ogre!
The ogre is severely wounded.
You closely miss the ogre.
The ogre is severely wounded.
The ogre hits you with a giant club!!
You die...

##....##########..######...#
#..#..........##......##.###
#.##..........##.##........####
###.##..........##.#..######....#
#.......###.)#####.#.## ####..
######.......####....# ##########
###.##........#####.........
#..##....O.#####..########
#########.###...@...##..## #
......###.#........(...##
.......##...#..........#
..........###.......##.####
........#.###.............#
........#...#.......####### ##
........###.######### ##########.
........###.# #..........
###.......#.###########..........


You could see an ogre.

Vanquished Creatures
  3 adders (D:3)
  An ooze (D:1)
  5 worms
  A dart slug (D:1)
  3 leopard geckos
  3 orcs (D:3)
  A giant cockroach (D:1)
  9 goblins
  5 hobgoblins
  5 kobolds
  5 bats
  2 frilled lizards
  4 rats
47 creatures vanquished.

Notes
Turn   | Place    | Note
-------+----------+-------------------------------------------
     0 | D:1      | kae the Troll Monk began the quest for the Orb.
     0 | D:1      | Reached XP level 1. HP: 22/22 MP: 0/0
    77 | D:1      | Reached XP level 2. HP: 23/29 MP: 1/1
   656 | D:2      | Reached XP level 3. HP: 36/36 MP: 2/2
   790 | D:2      | Found a hide-covered altar of Uskayaw.
  1008 | D:2      | Found a blossoming altar of Fedhas.
  1341 | D:3      | Reached skill level 4 in Unarmed Combat
  1379 | D:3      | Reached XP level 4. HP: 44/44 MP: 3/3
  1675 | D:3      | Found a burning altar of Makhleb.
  1812 | D:4      | Noticed an ogre
  1821 | D:3      | Mangled by an ogre

Vault maps used:
D:1:      grunt_arrival_crossed_arrows, serial_park_tiny_2, minmay_tromino_mix6
D:2:      fedhas_altar_4, eat_drink_and_be_merry_uskayaw, first_bread
D:3:      mrwooster_statue_mirror, kennysheep_flooded_box
D:4:      grunt_ministairs_8, uniq_crazy_yiuf_cottage, uniq_grinder

Skill      XL: |  1  2  3  4 |
---------------+-------------+-----
Unarmed Combat | 4 |  4.2
Dodging        | 3 |  3.0
Fighting       | 3 |  3.0
Stealth        | |  1.0

Action                   |  1- 3 |  4- 6 || total
-------------------------+-------+-------++-------
Melee: Unarmed           |    80 |    29 ||   109
       Punch             |     1 |     1 ||     2
  Use: Scroll            |     4 |     1 ||     5
 Stab: Sleeping          |       |     1 ||     1
  Eat: Chunk             |    18 |     4 ||    22
Armor: Robe              |    22 |    11 ||    33
Dodge: Dodged            |    48 |    10 ||    58

Table legend:
 A = Spawn XP
 B = Non-spawn XP
 C = Spawn XP percentage of total XP
 D = Spawn monster count
 E = Non-spawn monster count
 F = Spawn count percentage of total count
 G = Total turns spent on level
                    A         B        C        D         E        F      G
               +---------+---------+-------+---------+---------+-------+---------
         Total |       0 |     143 |   0.0 |       0 |      47 |   0.0 |  1821
               +---------+---------+-------+---------+---------+-------+---------
           D:1 |       0 |      40 |   0.0 |       0 |      19 |   0.0 |   569
           D:2 |       0 |      26 |   0.0 |       0 |       9 |   0.0 |   663
           D:3 |       0 |      74 |   0.0 |       0 |      18 |   0.0 |   582
           D:4 |       0 |       3 |   0.0 |       0 |       1 |   0.0 |     7
               +---------+---------+-------+---------+---------+-------+---------
